[Event "*** Titled Tuesday Blitz"]
[Site "Chess.com"]
[Date "2020.04.07"]
[Round "8"]
[White "TheBigBadChessDad"]
[Black "Hadza_3"]
[Result "1-0"]
[WhiteElo "2294"]
[BlackElo "2422"]
[TimeControl "180+1"]
[EndTime "14:34:50 PDT"]
[Termination "TheBigBadChessDad won by resignation"]

1. d4 Nf6 2. Nf3 g6 3. Bg5 Bg7 4. Nbd2 O-O 5. c3 d6 6. e4 e5 7. dxe5 dxe5 8. Bc4 h6 9. Bxf6 Qxf6 10. O-O Nc6 11. a4 Ne7 12. Re1 g5 13. Nf1 Ng6 14.
Ng3 Bg4 15. Be2 Nf4 16. Qc2 Rad8 17. Rad1 Be6 18. Rxd8 Rxd8 19. Rd1 Bf8 20. Rxd8 Qxd8 21. Bf1 f6 22. Nf5 a5 23. g3 Ng6 24. Bh3 Bxf5 25.
Bxf5 Ne7 26. Qb3+ Kg7 27. g4 b6 28. Kg2 Nxf5 29. gxf5 Bc5 30. Qe6 Qe7 31. Qxe7+ Bxe7 32. Nd2 h5 33. f3 Kf7 34. h4 Ke8 35. Nc4 Kd7 36.
hxg5 fxg5 37. Nxe5+ Ke8 38. Nd3 c6 39. Ne5 c5 40. c4 Bf6 41. Nd3 Bd4 42. e5 Kf7 43. b3 Ke7 44. Kg3 Kf7 45. f4 g4 46. Kh4 Ke7 47. Kxh5 g3 48. Ne1 b5 49. Kg4 Bf2 50. Ng2 bxa4 51. bxa4 Kf7 52. Kf3 Ke7 53. Ne3 Be1 54.
Nf1 g2 55. Kxg2 Bc3 56. Kf3 Bd4 57. Nd2 Bc3 58. Nb3 Bd4 59. Nxa5 Bc3 60. Nb3 Bb4 61.
Ke4 1-0

[Event "*** Titled Tuesday Blitz"]
[Site "Chess.com"]
[Date "2020.04.07"]
[Round "8"]
[White "Bastiandash"]
[Black "joksijoksi"]
[Result "0-1"]
[WhiteElo "1956"]
[BlackElo "2265"]
[TimeControl "180+1"]
[EndTime "14:34:50 PDT"]
[Termination "joksijoksi won by resignation"]

1. d4 f5 2. Nf3 Nf6 3. c3 g6 4.
Bg5 Bg7 5. Nbd2 d5 6. e3 O-O 7. Bxf6 Bxf6 8. Ne5 Bxe5 9. dxe5 f4 10. e4 e6 11. Qc2 Nc6 12. Nf3 Qe7 13. O-O-O Kg7 14. h4 h6 15. Bd3 d4 16. cxd4 Nb4 17.
Qb3 a5 18. a3 Nxd3+ 19. Rxd3 a4 20. Qb4 Qe8 21. Rc3 c6 22. Rd1 Qf7 23. d5 exd5 24.
exd5 cxd5 25. Qd4 Be6 26. Kb1 Rac8 27. Rdc1 Rc4 28. Rxc4 dxc4 29. Rd1 Qf5+ 30. Ka1 Qc2 31. Qd2 Qxd2 32. Rxd2 Rc8 33. Rd6 Kf7 34. Nd4 Re8 35.
Rb6 Bd5 36. Rd6 Rxe5 37. Rd7+ Ke8 38. Rd6 Ke7 39. Rb6 Re1+ 40. Ka2 c3+ 41. b3 axb3+ 42. Nxb3 c2 43. Rxb7+ Bxb7 44. Kb2 Re2 45. Nc1 0-1

[Event "*** Titled Tuesday Blitz"]
[Site "Chess.com"]
[Date "2020.04.07"]
[Round "8"]
[White "Angel_Hranitel_37"]
[Black "karinachess1"]
[Result "1-0"]
[WhiteElo "2366"]
[BlackElo "2509"]
[TimeControl "180+1"]
[EndTime "14:34:51 PDT"]
[Termination "Angel_Hranitel_37 won by resignation"]

1. d4 Nf6 2. Nf3 e6 3. g3 Be7 4. Bg2 O-O 5. c4 d5 6. O-O dxc4 7. Ne5 Nc6 8. Nxc6 bxc6 9. e3 Ba6 10. Nc3 Rb8 11. Qa4 Qc8 12. Qxc6 Bb7 13. Qxc4 Ba6 14. Qa4 Bxf1 15. Bxf1 c5 16. Qxa7 Rb7 17. Qa4 cxd4 18. exd4 Rb4 19. Qa7 Qb7 20. Qxb7 Rxb7 21. Nb5 Rc8 22.
Be3 Nd5 23. a4 Bb4 24. a5 Ra8 25. a6 Rd7 26. Bc4 Be7 27. Bxd5 exd5 28. Bf4 Bd8 29.
Bd6 Bb6 30. Bc5 Bxc5 31. dxc5 d4 32. c6 Rdd8 33. Kf1 d3 34. Ke1 f6 35. a7 Kf7 36. Nc7 d2+ 37. Kd1 Rdc8 38. Nxa8 Rxa8 39.
b4 Ke7 40. b5 Kd6 41. Kxd2 Kc7 42. Kc3 Kb6 43. Kb4 f5 44. Rd1 Rxa7 45. Rd7 Rxd7 46. cxd7 Kc7 47. Kc5 Kxd7 48. Kb6 g5 49. Ka7 f4 50. b6 h5 51. b7 h4 52. gxf4 gxf4 1-0

[Event "*** Titled Tuesday Blitz"]
[Site "Chess.com"]
[Date "2020.04.07"]
[Round "8"]
[White "albi1999"]
[Black "Vamostodorecto"]
[Result "1-0"]
[WhiteElo "2583"]
[BlackElo "2412"]
[TimeControl "180+1"]
[EndTime "14:34:52 PDT"]
[Termination "albi1999 won on time"]

1. d4 d5 2. c4 c6 3. Nf3 dxc4 4. e3 b5 5. a4 e6 6. axb5 cxb5 7. b3 Bb4+ 8. Bd2 Bxd2+ 9. Nfxd2 a5 10. bxc4 b4 11. c5 Nf6 12. Nc4 O-O 13. Nb6 Ra7 14. Nd2 Nc6 15.
Bb5 Ne7 16. Ndc4 Nfd5 17. Qb3 Nc3 18. Ba4 Bb7 19. O-O Ned5 20. Nd7 Qg5 21. c6 Ba6 22. Nxf8 Kxf8 23. Kh1 Rc7 24. Rae1 Nxa4 25. e4 Ndc3 26. f4 Qe7 27. f5 Rxc6 28. Ne5 Bxf1 29. Nxc6 Qc7 30.
Ne5 Bb5 31. fxe6 Qe7 32. d5 fxe6 33. dxe6 Nb6 34. Qc2 Kg8 35. Qd2 h6 36. Qd4 Qxe6 37. Nf3 Qf6 38. e5 Qe6 39. h3 Kh7 40. Qc5 a4 41. Qxb4 1-0

[Event "*** Titled Tuesday Blitz"]
[Site "Chess.com"]
[Date "2020.04.07"]
[Round "8"]
[White "michechess89"]
[Black "Girkassa"]
[Result "1-0"]
[WhiteElo "2443"]
[BlackElo "2489"]
[TimeControl "180+1"]
[EndTime "14:34:53 PDT"]
[Termination "michechess89 won by checkmate"]

1. c4 Nf6 2. Nc3 d5 3. e3 e5 4. cxd5 Nxd5 5. Nf3 Nxc3 6. bxc3 Nc6 7. Bb5 Bd6 8. d4 exd4 9. cxd4 O-O 10. O-O Bg4 11. h3 Bh5 12. Be2 Re8 13. Bb2 Nb4 14. Nd2 Bg6 15.
a3 Nd3 16. Bc3 c5 17. Nc4 cxd4 18. Bxd3 dxc3 19. Bxg6 hxg6 20. Qxd6 Qh4 21. Qb4 Re4 22. Qxb7 Rae8 23. Nd6 R4e7 24. Qc6 Rd8 25. Nb5 Qa4 26.
Qc5 Rb7 27. Nxc3 Qe8 28. Rfd1 Rc8 29. Qd4 Rbc7 30. Nd5 Rc4 31. Qd3 R4c6 32. Qe2 Qe6 33.
e4 Rc2 34. Qg4 Qe8 35. Qf4 R8c6 36. Qg5 Re6 37. Qg4 Rxe4 38. Qf3 Ree2 39. Rf1 Qe6 40.
Ne3 Rcd2 41. Rad1 Rxd1 42. Rxd1 Ra2 43. Qf4 Qe7 44. Rd6 Rxa3 45. Kh2 Rb3 46. Qd4 Rb7 47. Rd8+ Kh7 48. h4 Qe6 49. Ra8 Rb6 50. Qd8 Rd6 51. Qh8# 1-0

[Event "*** Titled Tuesday Blitz"]
[Site "Chess.com"]
[Date "2020.04.07"]
[Round "8"]
[White "Gabix_94"]
[Black "DeGrootteZ"]
[Result "1-0"]
[WhiteElo "2891"]
[BlackElo "2714"]
[TimeControl "180+1"]
[EndTime "14:34:54 PDT"]
[Termination "Gabix_94 won by resignation"]

1. d4 d5 2. c4 e6 3. Nf3 Nf6 4. Nc3 a6 5. cxd5 exd5 6. Bg5 Be6 7. e3 Nbd7 8. Bd3 Bd6 9. O-O O-O 10. Bf4 Qe7 11. h3 h6 12. Rc1 Rac8 13. Re1 Rfd8 14. a3 c5 15. Bxd6 Qxd6 16. dxc5 Nxc5 17. Ne2 Qb6 18. b4 Nce4 19. Nfd4 Bd7 20. Qb3 a5 21. Nf4 axb4 22. axb4 Qd6 23. Rxc8 Rxc8 24. Nxd5 Nxf2 25.
Nxf6+ Qxf6 26. Rf1 Nxh3+ 27. gxh3 Qg5+ 28. Kh2 Qe5+ 29.
Rf4 Rf8 30. Nf3 Qd6 31. Qc3 g5 32. Qd4 Qc7 33. Qe4 f5 34. Qc4+ Qxc4 35. Bxc4+ Kg7 36. Rd4 Bc6 37. Ne5 Re8 38. Nxc6 bxc6 39. Rd7+ Kf6 40.
Rd6+ Kg7 41. Rxc6 Rxe3 42. b5 Rc3 43. b6 Rc2+ 44. Kg1 Rb2 45. Be6 Kf6 46. Bc8+ Ke5 47. Rxh6 Kf4 48. Rg6 Kf3 49. Bxf5 Rb5 50. Rxg5 Rxb6 51.
Rg2 Kf4 52. Bg4 Rb1+ 53. Kh2 Rf1 54. Be2 Re1 55. h4 Ra1 56. h5 Ra5 57. Kh3 Re5 58. Kh4 Kf5 59. Rg5+ Kf6 60. Rxe5 Kxe5 61. Kg5 Ke6 62.
Kg6 1-0

[Event "*** Titled Tuesday Blitz"]
[Site "Chess.com"]
[Date "2020.04.07"]
[Round "8"]
[White "DryCounty"]
[Black "elohunter1999"]
[Result "1-0"]
[WhiteElo "2602"]
[BlackElo "2474"]
[TimeControl "180+1"]
[EndTime "14:34:55 PDT"]
[Termination "DryCounty won by resignation"]

1. c4 Nf6 2. Nf3 e6 3. g3 d5 4.
Bg2 dxc4 5. Qa4+ Bd7 6. Qxc4 c5 7. Ne5 Qc8 8. Qd3 Nc6 9. Nxd7 Nxd7 10. Qb5 Nd4 11. Qa4 Be7 12. e3 Nc6 13. O-O O-O 14. Nc3 Nde5 15. d4 Nd3 16. d5 exd5 17. Nxd5 Nxc1 18.
Raxc1 Bd6 19. Rfd1 Rd8 20. Qh4 Qe6 21. Be4 h6 22.
Bb1 Rac8 23. Qe4 Qxe4 24. Bxe4 b6 25. Kg2 Ne7 26. Nc3 Be5 27. Nb5 Bxb2 28. Rb1 Rxd1 29.
Rxd1 a6 30. Na7 Re8 31. Rd7 c4 32. a4 Nc8 33. Bd5 c3 34. Bxf7+ Kh7 35. Bxe8 c2 36.
Rc7 Nxa7 37. Rxc2 Bf6 38. Bd7 b5 39. axb5 Nxb5 40. Bxb5 axb5 41. Rc6 b4 42. Rb6 Bc3 43. f4 Kg8 44. Kf3 Kf7 45. e4 Ke7 46. e5 Kd7 47.
Ke4 Kc7 48. Ra6 Kb7 49. Ra4 Kb6 50. e6 Kb5 51. Ra8 Bf6 52. Rb8+ Kc4 53. Rb7 b3 54. e7 b2 55. e8=Q Kc3 56. Qc6+ Kd2 57. Qd5+ Kc1 58. Qc4+ Kd2 59. Qd3+ Ke1 60. Kf3 1-0

[Event "*** Titled Tuesday Blitz"]
[Site "Chess.com"]
[Date "2020.04.07"]
[Round "8"]
[White "VladDobrov"]
[Black "IMUltimateBeast"]
[Result "0-1"]
[WhiteElo "2857"]
[BlackElo "2668"]
[TimeControl "180+1"]
[EndTime "14:34:56 PDT"]
[Termination "IMUltimateBeast won on time"]

1. d4 Nf6 2. c4 e6 3. Nf3 d5 4. Nc3 Bb4 5. Qa4+ Nc6 6. e3 O-O 7. Bd2 Bxc3 8. Bxc3 Bd7 9. Qc2 Ne4 10. Bd3 f5 11.
O-O Qf6 12. b4 Nxc3 13. Qxc3 Rac8 14. b5 Ne7 15. Ne5 Be8 16. Qa5 c6 17. Qxa7 dxc4 18. Nxc4 cxb5 19. Nd6 Rd8 20. Nxe8 Rfxe8 21. Bxb5 Rf8 22.
Bc4 Nd5 23. Qxb7 f4 24. e4 Qxd4 25. exd5 Qxc4 26. dxe6 Qxe6 27. Rfe1 Qd5 28. Qxd5+ Rxd5 29. h4 Ra8 30. Re4 f3 31. gxf3 Ra3 32. Re3 Ra4 33. Re4 Ra3 34. Kg2 Rd2 35. Rb1 Raxa2 36. Kg3 h6 37. Rb8+ Kh7 38. h5 Rd5 39. Kh4 Rxf2 40. Ree8 Rh2+ 41. Kg3 Rdxh5 42. Kf4 R2h4+ 43. Ke3 Rc5 44.
Rh8+ Kg6 45. Rb6+ Kg5 46. Rd8 Kh5 47. Kf2 g5 48. Kg3 g4 49. Rdd6 Rh3+ 50. Kg2 Rc2+ 51. Kg1 Rxf3 52. Rxh6+ Kg5 53. Rb4 Kxh6 54. Rxg4 Ra3 55.
Rh4+ Kg5 0-1

[Event "*** Titled Tuesday Blitz"]
[Site "Chess.com"]
[Date "2020.04.07"]
[Round "8"]
[White "Pudor"]
[Black "GMKrikor"]
[Result "1-0"]
[WhiteElo "2374"]
[BlackElo "2748"]
[TimeControl "180+1"]
[EndTime "14:34:56 PDT"]
[Termination "Pudor won by resignation"]

1. d4 Nf6 2. c4 g6 3. Nc3 d5 4. Nf3 Bg7 5. cxd5 Nxd5 6. e4 Nxc3 7. bxc3 c5 8. Rb1 O-O 9. Be2 Qc7 10. O-O b6 11.
Bg5 Nc6 12. d5 Ne5 13. c4 f5 14. exf5 Bxf5 15. Rc1 Rae8 16. Qd2 Nf7 17. Bf4 Qd7 18.
Rfd1 e6 19. Bg3 exd5 20. cxd5 Nd6 21. Ng5 Ne4 22. Nxe4 Bxe4 23. d6 Bd4 24. Qh6 Qf5 25.
Rxd4 cxd4 26. Rc7 Rf7 27. h3 Qe6 28. Bg4 Bf5 29. Bf3 d3 30. Kh2 Rd8 31. Qg5 Rdf8 32. h4 Qf6 33. Qh6 Qg7 34. Qe3 Qf6 35. Bd5 h5 36.
Rxf7 Rxf7 37. Qe8+ Kh7 38. Qxf7+ Qxf7 39. Bxf7 d2 40. Bb3 Kg7 41. Be5+ Kf8 42. f3 Ke8 43. Kg3 Be6 44. Bd1 Bxa2 45. Kf2 Be6 46. Ke3 Bc4 47. Kxd2 Bf1 48. g3 Bc4 49. f4 b5 50. Kc3 Bf7 51. Kd4 a5 52. Bf3 a4 1-0

[Event "*** Titled Tuesday Blitz"]
[Site "Chess.com"]
[Date "2020.04.07"]
[Round "8"]
[White "swisspower96"]
[Black "poummba"]
[Result "1/2-1/2"]
[WhiteElo "2655"]
[BlackElo "2498"]
[TimeControl "180+1"]
[EndTime "14:34:57 PDT"]
[Termination "Game drawn - insufficient material"]

1. d4 d5 2. c4 dxc4 3. e3 c5 4. d5 Nf6 5. Bxc4 e6 6. dxe6 Qxd1+ 7. Kxd1 Bxe6 8. Bxe6 fxe6 9. Na3 Nc6 10. Bd2 O-O-O 11.
Ke2 Ne5 12. h3 Kb8 13. Bc3 Bd6 14. Nb5 Ne4 15. Nxd6 Nxc3+ 16. bxc3 Rxd6 17. f4 Nc4 18. Nf3 Rhd8 19. a4 Rd3 20. Kf2 Nxe3 21. Rae1 Nd5 22.
Rxe6 Nxf4 23. Re7 R3d7 24. Re4 Nd3+ 25. Kg3 Rd6 26. Rb1 b6 27. a5 Kb7 28. Kh2 R8d7 29. Ng5 h6 30. Ne6 Nf2 31. Re2 Kc6 32. axb6 axb6 33. Nxg7 Rxg7 34. Rxf2 Rgg6 35. c4 Rd4 36.
Rc2 Re6 37. Rb5 Rxc4 38. Rxb6+ Kxb6 39. Rxc4 Kb5 40. Rc1 c4 41. Kg3 Kb4 42. Kh4 Kb3 43. g4 c3 44. g5 hxg5+ 45. Kxg5 Kb2 46. Rg1 c2 47. Rg2 Kb1 48. Rg1+ c1=Q+ 49. Rxc1+ Kxc1 50. h4 Kd2 51. Kf5 Rc6 52. Kg5 Ke3 53. h5 Ke4 54. h6 Ke5 55. h7 Rc8 56. Kg6 Ke6 57. Kg7 Ke7 58. Kg6 Rd8 59. Kg7 Re8 60. Kg6 Rd8 61. Kg7 Re8 62. h8=Q Rxh8 63. Kxh8 1/2-1/2

[Event "*** Titled Tuesday Blitz"]
[Site "Chess.com"]
[Date "2020.04.07"]
[Round "8"]
[White "Volodar_Murzin"]
[Black "Khamrakulov_Djurabek"]
[Result "0-1"]
[WhiteElo "2705"]
[BlackElo "2904"]
[TimeControl "180+1"]
[EndTime "14:34:58 PDT"]
[Termination "Khamrakulov_Djurabek won by resignation"]

1. Nf3 d5 2. g3 g6 3. Bg2 Bg7 4. O-O e5 5. d3 Ne7 6. Nbd2 O-O 7. c4 Nbc6 8. cxd5 Nxd5 9. a3 a5 10. Nc4 a4 11. Bd2 b5 12. Ne3 Nxe3 13. Bxe3 Ra6 14. Rc1 Be6 15. Rc5 Bb3 16. Qc1 Nd4 17. Bxd4 exd4 18.
Rxb5 Qe8 19. Rb4 Qxe2 20. Nxd4 Qxd3 21. Nxb3 axb3 22. Rd1 Bxb2 23. Rxd3 Bxc1 24. Rbxb3 Ra7 25. f4 Re8 26. Kf2 Re6 27. Bd5 Rea6 28. Bc4 Ra4 29. Rbc3 Bb2 30. Rc2 Bxa3 31. Rd7 c5 32. Bxf7+ Kf8 33.
Rxa7 Rxa7 34. Bc4 Rb7 35. Ra2 Bb2 36. Ke3 Bd4+ 37. Ke4 Re7+ 38. Kd5 h5 39. Ra8+ Kg7 40. Kd6 Re1 41. Rg8+ Kh7 42. Ra8 Rh1 43. Ra2 Kh6 44. Ke7 Bg1 45. Ra1 h4 46. g4 h3 47. g5+ Kh5 48. Be2+ Kh4 49. Ra8 Bd4 50. Bd3 Rxh2 51. Bxg6 Re2+ 52. Kf7 Kg4 53. Ra3 h2 54. Bh5+ Kxh5 55.
Rh3+ Kg4 56. Rh7 Kxf4 57. g6 c4 58. g7 Bxg7 59. Kxg7 Re7+ 0-1

[Event "*** Titled Tuesday Blitz"]
[Site "Chess.com"]
[Date "2020.04.07"]
[Round "8"]
[White "Magician4MA"]
[Black "olksuna"]
[Result "0-1"]
[WhiteElo "2476"]
[BlackElo "2614"]
[TimeControl "180+1"]
[EndTime "14:34:58 PDT"]
[Termination "olksuna won by resignation"]

1. e4 c5 2. Nf3 Nc6 3. d4 cxd4 4. Nxd4 Nf6 5. Nc3 e5 6. Ndb5 d6 7. Bg5 a6 8. Na3 b5 9. Nd5 Be7 10. Bxf6 Bxf6 11. c3 Rb8 12. Be2 Bg5 13. Nc2 O-O 14.
O-O Be6 15. Nce3 Bxe3 16. Nxe3 Qc7 17. Bg4 a5 18. Bxe6 fxe6 19. Qg4 Qf7 20. Rad1 Rbd8 21. Rd2 d5 22. Qg3 d4 23. Ng4 Qf4 24. Rfd1 dxc3 25. Rxd8 Rxd8 26. Rxd8+ Nxd8 27. Qxf4 exf4 28. bxc3 Nc6 29. f3 Kf7 30. Kf1 Ke7 31. Ke2 Kd6 32. Kd3 Kc5 33. h4 h5 34. Nf2 Ne5+ 35. Kc2 Kc4 36. Nh3 Nd3 37. Ng5 Ne1+ 38. Kb2 Nxg2 39.
Nxe6 g6 40. Ng5 Nxh4 41. e5 Nf5 42. e6 h4 43. Kc2 Ne3+ 44. Kd2 Nd5 45. Kc2 Kc5 46.
Kd3 Kd6 47. Kd4 Nc7 48. Ke4 Nxe6 49. Nf7+ Ke7 50. Ne5 h3 51. Nxg6+ Kf6 52. Ne5 Kg5 53. Ng4 Nc5+ 54. Kd5 Na4 55. c4 bxc4 56. Kxc4 Kh4 57. a3 Kg3 58. Kb5 Nb2 59. Kxa5 Kxf3 60. Nh2+ Kg2 61. Nf1 Kxf1 0-1

[Event "*** Titled Tuesday Blitz"]
[Site "Chess.com"]
[Date "2020.04.07"]
[Round "8"]
[White "Sunnika"]
[Black "hamelekh"]
[Result "1/2-1/2"]
[WhiteElo "2374"]
[BlackElo "2775"]
[TimeControl "180+1"]
[EndTime "14:35:00 PDT"]
[Termination "Game drawn by stalemate"]

1. d4 Nf6 2. Nf3 e6 3. c4 c6 4. g3 d5 5. Nbd2 b6 6. Bg2 Ba6 7. O-O Nbd7 8. Qc2 Be7 9. b3 O-O 10. e4 Rc8 11. Re1 c5 12. e5 Ne8 13. cxd5 cxd4 14.
Qe4 Bb7 15. Qxd4 Bxd5 16. Bb2 Nc7 17. Ne4 Nc5 18. Nd6 Rb8 19. Rad1 Ne8 20. Nxe8 Rxe8 21. h4 Qc7 22. h5 Qb7 23. Nh4 Rbd8 24. Qg4 Bxh4 25. Bxd5 Rxd5 26. h6 g6 27. Qxh4 Qe7 28. Qxe7 Rxe7 29. Rxd5 exd5 30. Rd1 Rd7 31. Bd4 Kf8 32.
f4 Ke7 33. Kg2 Ke6 34. Kf3 Rc7 35. g4 Ne4 36. Ke3 Rc2 37. Rf1 Ng3 38. Rf3 Ne2 39. f5+ Ke7 40. fxg6 fxg6 41. Kd3 Rxa2 42. Rf6 Nxd4 43.
Kxd4 Rd2+ 44. Ke3 Rg2 45. Rc6 Rxg4 46. Rc7+ Ke6 47. Rxa7 Kxe5 48. Rxh7 Rg3+ 49. Kd2 Rxb3 50. Rg7 Kf6 51. Rb7 Rh3 52. Rxb6+ Kf5 53. Rb5 Rxh6 54. Rxd5+ Kf4 55. Ke1 Rh1+ 56. Kf2 Rh2+ 57. Kg1 Ra2 58.
Rd3 g5 59. Rc3 g4 60. Rb3 Rc2 61. Ra3 g3 62. Rb3 Kg4 63. Rb8 Rc4 64. Rg8+ Kf3 65. Rf8+ Rf4 66. Rxf4+ Kxf4 67. Kg2 Kg4 68. Kg1 Kf3 69. Kf1 g2+ 70. Kg1 Kg3 1/2-1/2

[Event "*** Titled Tuesday Blitz"]
[Site "Chess.com"]
[Date "2020.04.07"]
[Round "8"]
[White "arminmusovic"]
[Black "Gabrielian_Artur"]
[Result "1-0"]
[WhiteElo "2529"]
[BlackElo "2709"]
[TimeControl "180+1"]
[EndTime "14:35:02 PDT"]
[Termination "arminmusovic won by resignation"]

1. a3 Nf6 2. Nc3 g6 3. e4 d6 4.
d4 Bg7 5. Bg5 h6 6. Bh4 O-O 7. f4 c6 8. Be2 Qb6 9. Nf3 Bg4 10. e5 Nd5 11. Nxd5 cxd5 12. Bxe7 Re8 13. Bxd6 Nc6 14. O-O Bxf3 15. Bxf3 Nxd4 16. Kh1 Nf5 17. Qxd5 Rad8 18. Qxb7 Nxd6 19. Qxb6 axb6 20. exd6 Bxb2 21. Rab1 Bxa3 22. d7 Re6 23. Rfd1 Bc5 24. Bb7 Kf8 25. Rf1 Re2 26. Bc8 Rxc2 27. f5 gxf5 28. Rxf5 Rf2 29.
Rh5 Rf6 30. Rd1 Ke7 31. Re5+ Re6 32. Rf5 Rf6 33. Re5+ Re6 34. Red5 Bd6 35. Rb5 Bc5 36. Rb3 Rd6 37. Re1+ Re6 38. Rd1 Rd6 39. Re1+ Re6 40. Rf1 Rd6 41. Rbf3 Rf8 42. Re1+ Kd8 43. Rf5 Kc7 44.
g3 Re6 45. d8=Q+ Rxd8 46. Bxe6 fxe6 47. Rxe6 Rd1+ 48. Kg2 Rd2+ 49. Kh3 Kb7 50. Rxh6 Bg1 51. Kg4 Bxh2 52. Rf1 Rg2 53. Rh3 Bg1 54. Kf3 Rh2 55.
Rxh2 Bxh2 56. Kg2 Bxg3 57. Kxg3 Ka6 58. Kf3 1-0

[Event "*** Titled Tuesday Blitz"]
[Site "Chess.com"]
[Date "2020.04.07"]
[Round "8"]
[White "IMDT02"]
[Black "Squirlolz"]
[Result "1-0"]
[WhiteElo "2480"]
[BlackElo "2570"]
[TimeControl "180+1"]
[EndTime "14:35:02 PDT"]
[Termination "IMDT02 won on time"]

1. d4 Nf6 2. c4 e6 3. Nc3 Bb4 4. e3 O-O 5. Ne2 Re8 6. a3 Bf8 7. d5 a5 8. g3 Na6 9. Bg2 Nc5 10.
b3 exd5 11. cxd5 b5 12. O-O Ba6 13. b4 Nce4 14. Nxe4 Nxe4 15. Bb2 c5 16. Qc2 f5 17.
bxc5 Rc8 18. c6 dxc6 19. dxc6 Qb6 20. Rac1 b4 21. axb4 axb4 22. Qb3+ Kh8 23. Rfe1 Bxe2 24. Rxe2 Rxc6 25. Rec2 Rec8 26. Rxc6 Rxc6 27. Rxc6 Qxc6 28. Qf7 Qc8 29. Bh3 Nd6 30. Qd5 Qc2 31. Be5 b3 32.
Qa8 Qc8 33. Qxc8 Nxc8 34. Bxf5 Nb6 35. Be6 h6 36. Bxb3 Nd7 37. Bd4 Nc5 38. Bc2 Ne6 39. Be5 Nc5 40. Kg2 Nd7 41. Bd4 Nc5 42. h4 Kg8 43. h5 Kf7 44. g4 Ne6 45. Be5 Ng5 46.
f4 Ne6 47. Bb3 Ke7 48. Bxe6 Kxe6 49. Kf3 Kf7 50. Ke4 Be7 51. Kf5 Bd8 52. e4 Be7 53. Bc7 Bb4 54. e5 Bc5 55. e6+ Kf8 56.
Be5 Be7 57. Kg6 Kg8 58. Bxg7 Bg5 59. Bxh6 1-0

[Event "*** Titled Tuesday Blitz"]
[Site "Chess.com"]
[Date "2020.04.07"]
[Round "8"]
[White "PauloCesarCosta_sad"]
[Black "JesseFebruary"]
[Result "1-0"]
[WhiteElo "2098"]
[BlackElo "1756"]
[TimeControl "180+1"]
[EndTime "14:35:03 PDT"]
[Termination "PauloCesarCosta_sad won on time"]

1. Nf3 Nf6 2. c4 e6 3. d4 d5 4. Nc3 Be7 5. Bg5 O-O 6. e3 h6 7. Bh4 Ne4 8. Bxe7 Qxe7 9. Qc2 Nd7 10. cxd5 Nxc3 11. Qxc3 exd5 12. Qxc7 b6 13. Bd3 Qb4+ 14.
Qc3 Qxc3+ 15. bxc3 Bb7 16. O-O Rac8 17. Rfc1 Nf6 18.
Ne5 Ne4 19. Bxe4 dxe4 20. c4 f6 21. Ng6 Rfe8 22. Rc3 Kf7 23. Nh4 b5 24. Rac1 b4 25.
R3c2 a5 26. Nf5 Re6 27. c5 Rc7 28. Nd6+ Kg6 29. Nxb7 Rxb7 30. d5 Re5 31. c6 Rb8 32. d6 Rd5 33. c7 Rc8 34. Rc6 Kf5 35. Rb6 Ke6 36. d7+ Kxd7 37. g3 Rxc7 38. Rxc7+ Kxc7 39.
Ra6 Kb7 40. Re6 Rd2 41. Re7+ Kb6 42. Rxg7 Rxa2 43. Rg8 Ra1+ 44. Kg2 a4 45. h4 Kc5 46. Rc8+ Kd5 47. Rd8+ Kc4 48. Rc8+ Kb3 49. g4 a3 50. g5 fxg5 51. h5 1-0

[Event "*** Titled Tuesday Blitz"]
[Site "Chess.com"]
[Date "2020.04.07"]
[Round "8"]
[White "GianmarcoVaR"]
[Black "RD4ever"]
[Result "0-1"]
[WhiteElo "2632"]
[BlackElo "2838"]
[TimeControl "180+1"]
[EndTime "14:35:04 PDT"]
[Termination "RD4ever won on time"]

1. d4 Nf6 2. c4 g6 3. Nc3 d5 4.
cxd5 Nxd5 5. Bd2 Nb6 6. Bf4 Bg7 7. e3 O-O 8. Nf3 c5 9. dxc5 N6d7 10. Bc4 Nxc5 11.
Be5 Be6 12. Be2 Nc6 13. Bxg7 Kxg7 14. O-O Qb6 15. b3 Rac8 16. Qb1 Nb4 17. Rd1 f6 18.
Qb2 Rfd8 19. Nd4 Bf7 20. a3 Nc6 21. Nxc6 Rxd1+ 22. Rxd1 Qxc6 23. b4 Nb3 24. Nb5 Qc2 25. Qxc2 Rxc2 26. Bf3 a6 27. Nd4 Nxd4 28. Rxd4 b6 29.
h4 Rc3 30. a4 Ra3 31. a5 bxa5 32. bxa5 Rxa5 33. Rd7 Re5 34. Ra7 a5 35. Be2 f5 36.
Bd3 Kf6 37. Kf1 Bd5 38. g3 Bf3 39. Ke1 Rd5 40. Be2 Bxe2 41. Kxe2 h6 42. f3 e6 43. Ra6 Rb5 44. Ra7 g5 45. hxg5+ hxg5 46. g4 Rb2+ 47. Kd3 Rb3+ 48. Ke2 Ra3 49. gxf5 exf5 50.
Kf2 a4 51. Ra5 Ra2+ 52. Kg3 Ra3 53. Kf2 Kg6 54. Rb5 Rb3 55. Ra5 a3 0-1

[Event "*** Titled Tuesday Blitz"]
[Site "Chess.com"]
[Date "2020.04.07"]
[Round "8"]
[White "Leo_C"]
[Black "esteban062000"]
[Result "1/2-1/2"]
[WhiteElo "2301"]
[BlackElo "2174"]
[TimeControl "180+1"]
[EndTime "14:35:04 PDT"]
[Termination "Game drawn by stalemate"]

1. d4 Nf6 2. c4 e6 3. Nc3 Bb4 4. e3 O-O 5. Bd3 c5 6. Ne2 cxd4 7. exd4 d5 8. a3 dxc4 9. Bxc4 Be7 10.
O-O b6 11. Bg5 Bb7 12. Rc1 Nbd7 13. Qd3 Rc8 14. Rfd1 h6 15. Bh4 Nh5 16. Bxe7 Qxe7 17. Ba2 Nhf6 18. Bb1 g6 19. Nf4 Nd5 20. Nxg6 fxg6 21.
Qxg6+ Qg7 22. Qxe6+ Qf7 23. Qg4+ Qg7 24. Qxg7+ Kxg7 25. Nb5 Rxc1 26. Rxc1 Rc8 27. Re1 Ba6 28.
Nd6 Rc6 29. Nf5+ Kf8 30. Be4 N7f6 31. Bf3 Bd3 32. Nxh6 Kg7 33. Ng4 Rc2 34. Nxf6 Nxf6 35. h4 Rxb2 36. Re7+ Kh6 37. Rxa7 Be4 38. Rf7 Kg6 39.
Rxf6+ Kxf6 40. Bxe4 Rb3 41. f3 Rxa3 42. h5 Kg5 43.
Bg6 Ra1+ 44. Kf2 b5 45. Ke3 b4 46. Kd3 Rg1 47. g4 Rf1 48. Kc4 Rxf3 49. Kxb4 Rf4 50. Kc5 Rxg4 51. d5 Kf6 52. d6 Ke6 53. Kc6 Rc4+ 54. Kb5 Rc1 55. h6 Kd7 56. h7 Rh1 57. Kc5 Rc1+ 58. Kd5 Rd1+ 59. Ke5 Rh1 60. Bf5+ Kd8 61.
Kf6 Rh6+ 62. Kg7 Rh2 63. h8=Q+ Rxh8 64. Kxh8 Ke8 65. Kg7 Kd8 66. Kf8 1/2-1/2

[Event "*** Titled Tuesday Blitz"]
[Site "Chess.com"]
[Date "2020.04.07"]
[Round "8"]
[White "troisi"]
[Black "AllStarShark"]
[Result "1-0"]
[WhiteElo "2123"]
[BlackElo "2311"]
[TimeControl "180+1"]
[EndTime "14:35:07 PDT"]
[Termination "troisi won by checkmate"]

1. e4 c6 2. d4 d5 3. Nc3 dxe4 4. Nxe4 Nf6 5. Qd3 g6 6. Nf3 Bf5 7. Nxf6+ exf6 8. Qb3 Qc7 9. g3 Bd6 10. Bh6 Nd7 11.
O-O-O Be6 12. Bc4 Bg4 13. Bxf7+ Kd8 14. Be6 f5 15. Rde1 Re8 16. h3 Bxf3 17. Qxf3 Nf6 18. Bg5 Be7 19. a3 Ne4 20. Bxe7+ Rxe7 21. Bc4 Qd6 22. Bd3 Nf6 23. Rxe7 Qxe7 24. Bc4 Kc7 25. Qf4+ Qd6 26. Qxd6+ Kxd6 27. Re1 Nd5 28. Bxd5 cxd5 29. Re5 Rc8 30. Kd2 b5 31. c3 a5 32. Re3 b4 33.
axb4 axb4 34. Re1 bxc3+ 35. bxc3 Ra8 36. Kd3 Ra2 37. Re2 Ra1 38. h4 Rf1 39. Rc2 Rd1+ 40.
Ke2 Ra1 41. Kf3 Ra8 42. Kf4 Re8 43. Kg5 Re4 44. Kh6 f4 45. Kxh7 fxg3 46. fxg3 Rg4 47. Rg2 Ke6 48. Kh6 Kf5 49. Rf2+ Ke4 50. Rf4+ Rxf4 51.
gxf4 Kxf4 52. Kxg6 Ke4 53. Kf6 Kd3 54. Ke5 Kxc3 55. Kxd5 Kd3 56. Ke5 Kc3 57. d5 Kc4 58. d6 Kc5 59. d7 Kc6 60. d8=Q Kb7 61. Qc8+ Ka7 62. Kd5 Kb6 63. Qc6+ Ka7 64. Qb5 Ka8 65. Kc6 Ka7 66. Qb7# 1-0

[Event "*** Titled Tuesday Blitz"]
[Site "Chess.com"]
[Date "2020.04.07"]
[Round "8"]
[White "Orest_Vovk"]
[Black "Mazetovic"]
[Result "1-0"]
[WhiteElo "2493"]
[BlackElo "2587"]
[TimeControl "180+1"]
[EndTime "14:35:08 PDT"]
[Termination "Orest_Vovk won on time"]

1. g4 d5 2. Bg2 c6 3. h3 h5 4. g5 g6 5. d4 Bg7 6. Nf3 Bf5 7.
Bf4 Qb6 8. b3 Nd7 9. e3 e6 10.
Nbd2 Ne7 11. c4 O-O 12. O-O c5 13. cxd5 Nxd5 14. dxc5 Nxc5 15. Nc4 Qa6 16. Nd4 Nxf4 17. Nxf5 exf5 18. exf4 Bxa1 19. Qxa1 Rad8 20. Ne5 Nd3 21. Nxd3 Qxd3 22. Re1 Qd4 23. Qxd4 Rxd4 24. Bxb7 Rfd8 25. Kg2 Rxf4 26. Re2 Rfd4 27. Ba6 Rd2 28. Re7 R8d7 29. Re8+ Kg7 30. a4 f6 31. gxf6+ Kxf6 32. Bc4 R7d6 33.
Rf8+ Kg5 34. Rf7 a6 35. Ra7 h4 36. Rxa6 Rxa6 37. Bxa6 Ra2 38. Bc4 Kf4 39. Bf7 g5 40. Be8 g4 41. hxg4 fxg4 42. Kg1 h3 43. Bb5 g3 44.
fxg3+ Kxg3 45. Kf1 h2 46. Bc6 Kf4 47. b4 Kg3 48. a5 Rb2 49. a6 Ra2 50. b5 Kf4 51.
Bb7 Ke5 52. b6 1-0